 Dungeon Crawl Stone Soup version 0.30.1-3-gfc49f6343a (webtiles) character file.

Game seed: 3128264123980432612

1237 Babbit the Cleaver (level 8, -1/71 HPs)
             Began as a Minotaur Fighter on July 19, 2023.
             Succumbed to a killer bee's poison
             ... on level 5 of the Dungeon.
             The game lasted 00:33:18 (3554 turns).

Babbit the Cleaver (Minotaur Fighter)               Turns: 3554, Time: 00:33:19

Health: -1/71      AC:  7    Str: 22 (23) XL:     8   Next: 24%
Magic:  16/16      EV:  9    Int:  4 (5)  God:
Gold:   233        SH:  7    Dex:  9 (10) Spells: 7/7 levels left

rFire   . . .        a - +0 war axe (flame)
rCold   . . .        c - +2 buckler
rNeg    . . .        b - +0 scale mail
rPois   .            (helmet restricted)
rElec   .            (no cloak)
rCorr   .            (no gloves)
SInv    .            (no boots)
Will    .....        k - amulet of regeneration Stlth
                     e - ring of magical power
HPRegen 1.11/turn    s - ring of flight
MPRegen 0.15/turn

%: no passive effects
@: lethally poisoned (-1 -> -18), flying, invisible
A: horns 2, retaliatory headbutt
a: no special abilities


You were on level 5 of the Dungeon.
You visited 1 branch of the dungeon, and saw 5 of its levels.
You also visited: Sewer.

You collected 233 gold pieces.

Inventory:

Hand Weapons
 a - a +0 war axe of flaming (weapon)
Missiles
 n - 4 boomerangs (quivered)
Armour
 b - a +0 scale mail (worn)
 c - a +2 buckler (worn)
Jewellery
 e - a ring of magical power (left hand)
 k - an amulet of regeneration (around neck)
 s - a ring of flight (right hand)
Wands
 v - a wand of flame (22)
Scrolls
 f - a scroll of blinking
 h - a scroll of summoning {unknown}
 j - 2 scrolls of fog
 q - a scroll of teleportation
 r - a scroll of immolation
 w - 2 scrolls of enchant weapon {unknown}
Potions
 d - a potion of haste {unknown}
 i - a potion of lignification {unknown}
 l - 2 potions of ambrosia
 m - a potion of heal wounds {unknown}
 p - a potion of magic
 t - a potion of degeneration
 u - a potion of mutation {unknown}


   Skills:
 + Level 6.5 Fighting
 * Level 8.0 Axes
 + Level 6.3 Armour
 + Level 6.3 Shields


You had 7 spell levels left.
You didn't know any spells.
Your spell library contained the following spells:

 Spells                   Type           Power      Damage    Failure   Level
 Beastly Appendage        Tmut           0%         N/A       86%         1
 Wereblood                Tmut           0%         N/A       94%         2
 Spider Form              Tmut/Pois      0%         N/A       99%         3


Dungeon Overview and Level Annotations

Branches:
Dungeon (5/15)              Sewer (visited)
 Temple: D:4-7

Altars:
Cheibriados
Makhleb
Qazlal
Uskayaw
Zin
The Shining One

Portals:
Ossuary: D:5


Innate Abilities, Weirdness & Mutations

You have a pair of horns on your head.
You reflexively headbutt those who attack you in melee.


Message History

The killer bee stings you but does no damage.
You miss the killer bee.
The killer bee is almost dead.
You miss the killer bee.
You feel very sick. The killer bee stings you.
You are more poisoned.
The killer bee poisons you! The killer bee stings you.
The killer bee stings you but does no damage. x2
It was a potion of magic.
Magic courses through your body.
You feel very sick. The killer bee stings you.
The killer bee stings you but does no damage.
The killer bee stings you.
* * * LOW HITPOINT WARNING * * *
The killer bee barely misses you.
It was a potion of degeneration.
There was something very wrong with that liquid.
You feel weakened.
You feel dopey.
You feel clumsy.
You feel very sick. The killer bee stings you.
* * * LOW HITPOINT WARNING * * *
The killer bee stings you.
* * * LOW HITPOINT WARNING * * *
You block the killer bee's attack.
You miss the killer bee. You headbutt the killer bee.
The killer bee is lightly wounded.
You closely miss the killer bee.
You feel very sick.
The killer bee stings you but does no damage.
The killer bee barely misses you. The killer bee stings you.
* * * LOW HITPOINT WARNING * * *
You are lethally poisoned!
The killer bee poisons you! You block the killer bee's attack.
The killer bee stings you.
* * * LOW HITPOINT WARNING * * *
You are more poisoned.
The killer bee poisons you!
It was a potion of invisibility.
You fade into invisibility!
You die...

##.#.###.#<#.......#.##
#.#.......>#..###.#.##
##...###.###......#.#
##^####.####.###...#
#..##........# #)###
#.###.......## #.# ..
#.......# #.##### .##
#.......# #...... #(#
#@y.....# #.####.
#.#####yy.....# #.####.
#...........[.# #...##.
####.####..#####.# #.#.##.
#......†#..#####.# #.#.##.
#.††....#......>.####.....8
(..#.......#.###..).†..###.)..
#....††_............##.# #.8.∩
#.##.......#.....##.##.###..÷.


You could see 3 killer bees.

Vanquished Creatures
  A water moccasin (D:5)
  An ogre (D:5)
  2 bullfrogs (Sewer)
  2 scorpions
  8 killer bees (D:5)
  A jelly (D:5)
  An orc priest (D:3)
  A sleepcap (D:5)
  Terence (D:3)
  An iguana (D:5)
  An orc wizard (D:3)
  9 adders
  8 river rats
  A worm (D:4)
  3 dart slugs
  16 orcs
  5 bats
  9 endoplasms
  2 giant cockroaches
  7 goblins
  5 hobgoblins
  5 jackals
  17 ball pythons
  8 frilled lizards
  5 kobolds
  27 rats
147 creatures vanquished.

Notes
Turn   | Place    | Note
-------+----------+-------------------------------------------
     0 | D:1      | Babbit the Minotaur Fighter began the quest for the Orb.
     0 | D:1      | Reached XP level 1. HP: 19/19 MP: 0/0
   178 | D:1      | Reached XP level 2. HP: 27/27 MP: 1/1
   386 | D:1      | Reached skill level 3 in Axes
   609 | D:1      | Reached XP level 3. HP: 33/33 MP: 2/2
   649 | D:1      | Found a faded altar of an unknown god.
   696 | D:1      | You fall into a shaft and drop 1 floor!
  1311 | D:3      | Reached XP level 4. HP: 37/40 MP: 3/3
  1444 | D:3      | Reached skill level 4 in Axes
  1472 | D:3      | Reached XP level 5. HP: 47/47 MP: 4/4
  1684 | D:3      | Found a glowing silver altar of Zin.
  1766 | D:3      | Reached skill level 5 in Axes
  1790 | D:3      | Noticed Terence
  1794 | D:3      | Killed Terence
  1807 | D:3      | Found a glowing golden altar of the Shining One.
  1825 | D:3      | Found a stormy altar of Qazlal.
  2174 | D:4      | Found a burning altar of Makhleb.
  2306 | D:4      | Reached XP level 6. HP: 55/55 MP: 5/5
  2332 | D:4      | Found a glowing drain.
  2348 | Sewer    | Entered a sewer
  2452 | Sewer    | Reached skill level 5 in Fighting
  2510 | Sewer    | Reached skill level 5 in Armour
  2545 | Sewer    | Reached skill level 5 in Shields
  2607 | Sewer    | Reached skill level 6 in Axes
  2611 | Sewer    | Reached XP level 7. HP: 41/61 MP: 6/6
  3109 | D:4      | Found a snail-covered altar of Cheibriados.
  3137 | D:5      | Entered Level 5 of the Dungeon
  3164 | D:5      | Found a sand-covered staircase.
  3199 | D:5      | Reached skill level 7 in Axes
  3366 | D:5      | Reached XP level 8. HP: 67/70 MP: 7/7
  3411 | D:5      | Found a hide-covered altar of Uskayaw.
  3549 | D:5      | Reached skill level 8 in Axes
  3554 | D:5      | Succumbed to a killer bee's poison

Illustrated notes

Levels and vault maps discovered:
D:1:      dpeg_arrival_arbitrary_b, layout_loops_ring,
          shapermc_ecumenical_altar_pompeii
D:2:      layout_loops_ring
D:3:      layout_basic, zin_academy, mainiacjoe_overflow_swirl, serial_glass,
          glass_columns_a, glass_columns_a, glass_columns_a, glass_columns_a,
          glass_columns_c, glass_columns_a, st_stairs_13, uniq_terence
D:4:      layout_gridville, mainiacjoe_overflow_24_doors, marbit_many_paths,
          portal_sewer_entry_a
D:5:      layout_loops_cross, nicolae_uskayaw_murder_on_the_dancefloor,
          nicolae_ossuary_entry_monument, corner_web_ring

Skill      XL: |  1  2  3  4  5  6  7  8 |
---------------+-------------------------+-----
Axes           | 3 4 5 6 7 8 |  8.0
Fighting       | 4 5 6 |  6.5
Armour         | 4 5 6 |  6.3
Shields        | 4 5 6 |  6.3

Action                     |  1- 3 |  4- 6 |  7- 9 || total
---------------------------+-------+-------+-------++-------
  Melee: War axe           |    85 |   156 |    46 ||   287
         Headbutt          |    11 |    22 |     7 ||    40
  Throw: Boomerang         |       |    18 |    10 ||    28
    Use: Scroll            |     3 |     2 |     9 ||    14
         Potion            |       |     1 |     7 ||     8
 Armour: Scale mail        |    54 |    63 |    25 ||   142
  Dodge: Dodged            |    31 |    62 |    39 ||   132
  Block: Buckler           |    14 |    28 |    21 ||    63
